 Dungeon Crawl Stone Soup version 0.24-a0-244-ga6a6ab7 (webtiles) character file.

Game seed: 10800008858349767123

147 Leeroy the Shield-Bearer (level 5, -9/41 HPs)
             Began as a Formicid Fighter on Apr 11, 2019.
             Was an Initiate of Okawaru.
             Mangled by Crazy Yiuf
             ... wielding a +3 quarterstaff of chaos
              (13 damage)
             ... on level 2 of the Dungeon.
             The game lasted 00:06:54 (1982 turns).

Leeroy the Shield-Bearer (Formicid Fighter)         Turns: 1982, Time: 00:06:55

Health: -9/41      AC:  9    Str: 27    XL:     5   Next: 55%
Magic:  5/5        EV:  7    Int:  7    God:    Okawaru [......]
Gold:   81         SH: 10    Dex: 10    Spells: 4/4 levels left

rFire    . . .     SeeInvis +   a - +0 long sword
rCold    . . .     Gourm    .   c - +0 shield
rNeg     . . .     Faith    .   z - +0 chain mail
rPois    .         Spirit   .   (helmet unavailable)
rElec    .         Reflect  .   (no cloak)
rCorr    .         Harm     .   (no gloves)
MR       .....                  (no boots)
Stlth    ..........             (no amulet)
HPRegen  0.13/turn              (no ring)
MPRegen  0.09/turn              (no ring)

@: mighty
A: permanent stasis, dig shafts and tunnels, four strong arms, antennae 3
a: Dig, Shaft Self, Renounce Religion


You were on level 2 of the Dungeon.
You worshipped Okawaru.
Okawaru was noncommittal.
You were near starving.

You visited 1 branch of the dungeon, and saw 2 of its levels.

You collected 81 gold pieces.

Inventory:

Hand Weapons
 a - a +0 long sword (weapon)
 h - a +0 club
 j - a +0 whip
 l - a +0 dagger
 m - a +0 mace
 q - a +0 blowgun
 s - a +0 hand axe
 w - a +0 hunting sling
Missiles
 k - 18 sling bullets
 t - 81 stones
 u - a throwing net
 v - 2 silver tomahawks (quivered)
 y - 11 arrows
Armour
 b - a +0 scale mail
 c - a +0 shield (worn)
 n - a +0 chain mail
 z - a +0 chain mail (worn)
 A - a +0 ring mail
Wands
 r - a wand of flame (20)
Scrolls
 e - a scroll of identify {unknown}
 g - a scroll of enchant weapon {unknown}
 i - 2 scrolls of remove curse {unknown}
 x - a scroll of immolation {unknown}
Potions
 d - a potion of might
 o - a potion of berserk rage {unknown}
 p - 2 potions of flight
Comestibles
 f - 3 rations


   Skills:
 - Level 3.5 Fighting
 + Level 4.0 Long Blades
 + Level 3.5 Armour
 - Level 5.0 Shields


You had 4 spell levels left.
You didn't know any spells.
Your spell library was empty.

Dungeon Overview and Level Annotations

Branches:
Dungeon (2/15)

Altars:
Elyvilon
Fedhas
Gozag
Okawaru
Ru

Annotations:
D:2 Crazy Yiuf


Innate Abilities, Weirdness & Mutations

You cannot be hasted, slowed, berserked, paralysed or teleported.
You can dig through walls and to a lower floor.
Your four strong arms can wield two-handed weapons with a shield.
You have a pair of large antennae on your head. (SInv)


Message History

Aim: Crazy Yiuf, wielding a +3 quarterstaff of chaos and wearing a +0 cloak (lightly wounded, chaotic)
You throw a silver tomahawk.
The silver tomahawk barely misses Crazy Yiuf.
Crazy Yiuf hits you but does no damage.
Throwing (i - inventory. (/) - cycle)
v - 4 silver tomahawks (quivered)
Press: ? - help, Shift-Dir - straight line, f/p - Crazy Yiuf
Aim: Crazy Yiuf, wielding a +3 quarterstaff of chaos and wearing a +0 cloak (lightly wounded, chaotic)
You throw a silver tomahawk.
The silver tomahawk barely misses Crazy Yiuf.
Crazy Yiuf hits you with a +3 quarterstaff of chaos!
* * * LOW HITPOINT WARNING * * *
Throwing (i - inventory. (/) - cycle)
v - 3 silver tomahawks (quivered)
Press: ? - help, Shift-Dir - straight line, f/p - Crazy Yiuf
Aim: Crazy Yiuf, wielding a +3 quarterstaff of chaos and wearing a +0 cloak (lightly wounded, chaotic)
You throw a silver tomahawk.
The silver tomahawk barely misses Crazy Yiuf.
Crazy Yiuf hits you but does no damage.
Crazy Yiuf laughs, "Goldfish mobile childish!"
Crazy Yiuf hits you with a +3 quarterstaff of chaos!
You die...

##)..###.....#
#.#######.#
##.## #.#####
###.......#
#.# #.#
######### #.#
#.### #####
###.####...#
#.()#
.........###
#...#
########.# .).
#.# #g# #.#
♣♣@♣ #.# ♣.♣♣
#.# ♣♣.♣
########.###
♣.♣♣
...........#
♣♣.♣♣
##########.#
♣...♣♣ #.#
♣♣...♣ #.#
#....#
#.###....#


You could see Crazy Yiuf.

Vanquished Creatures
  A scorpion (D:2)
  3 adders (D:2)
  3 oozes
  2 dart slugs
  2 leopard geckos
  2 giant cockroaches
  13 goblins
  5 hobgoblins
  A quokka (D:2)
  5 bats
  4 frilled lizards
  4 kobolds
  6 rats
51 creatures vanquished.

Notes
Turn   | Place    | Note
-------+----------+-------------------------------------------
     0 | D:1      | Leeroy the Formicid Fighter began the quest for the Orb.
     0 | D:1      | Reached XP level 1. HP: 18/18 MP: 1/1
    35 | D:1      | Reached XP level 2. HP: 19/24 MP: 2/2
   231 | D:1      | Reached skill level 4 in Shields
   237 | D:1      | Reached XP level 3. HP: 20/29 MP: 3/3
   515 | D:1      | You fall through a shaft!
   563 | D:2      | Found a blossoming altar of Fedhas.
   589 | D:2      | Reached XP level 4. HP: 35/35 MP: 4/4
   725 | D:2      | Found a white marble altar of Elyvilon.
   762 | D:2      | Became a worshipper of Elyvilon the Healer
   991 | D:2      | Found an opulent altar of Gozag.
   995 | D:2      | Found an iron altar of Okawaru.
   999 | D:2      | Found a sacrificial altar of Ru.
  1019 | D:2      | Fell from the grace of Elyvilon
  1019 | D:2      | Became a worshipper of Warmaster Okawaru
  1230 | D:2      | Reached skill level 5 in Shields
  1230 | D:2      | Reached XP level 5. HP: 20/41 MP: 5/5
  1303 | D:2      | Found a runed translucent door.
  1304 | D:2      | Noticed Crazy Yiuf
  1982 | D:2      | Mangled by Crazy Yiuf

Levels and vault maps discovered:
D:1:      psy_arrival_radial01, layout_loops_ring
D:2:      layout_loops_ring, elyvilon_altar_1, minmay_overflow_temple_star_quad,
          lemuel_doored_altar, uniq_crazy_yiuf_cottage

Skill      XL: |  1  2  3  4  5 |
---------------+----------------+-----
Shields        | 4 5 |  5.0
Long Blades    | 3 4 |  4.0
Fighting       | |  3.5
Armour         | |  3.5

Action                   |  1- 3 |  4- 6 || total
-------------------------+-------+-------++-------
Melee: Long sword        |   124 |    71 ||   195
Throw: Tomahawk          |       |     3 ||     3
Evoke: Wand              |       |     1 ||     1
  Use: Potion            |       |     4 ||     4
  Eat: Chunk             |       |     2 ||     2
Armor: Scale mail        |    77 |    24 ||   101
       Chain mail        |       |     2 ||     2
Dodge: Dodged            |    48 |    26 ||    74
Block: Shield            |    73 |    37 ||   110
       Rpst.: Long sword |    14 |    11 ||    25

Table legend:
 A = Non-vault XP
 B = Vault XP
 C = Vault XP percentage of total XP
 D = Non-vault monster count
 E = Vault monster count
 F = Vault count percentage of total count
                 A         B        C        D         E       F
            +---------+---------+-------+---------+---------+-------
      Total |     211 |       0 |   0.0 |      51 |       0 |   0.0
            +---------+---------+-------+---------+---------+-------
        D:1 |      58 |       0 |   0.0 |      28 |       0 |   0.0
        D:2 |     153 |       0 |   0.0 |      23 |       0 |   0.0
            +---------+---------+-------+---------+---------+-------
